Cogmind - Beta 11.1 @@@ ROGUE MODE // 2022.10.22 @ 23:51:02 Player: Bokkiewokkie Result: Destroyed by G-34 Mercenary with Small Laser Performance ------------- Evolutions (1) 500 Regions Visited (4) 800 Robots Destroyed (28) 140 Value Destroyed (633) 633 Prototype IDs (7) 140 Alien Tech Used (0) 0 Bonus (200) 200 TOTAL SCORE: 2413 Bonus ------- Entered Garrisons 200 Cogmind --------- Core Integrity 0/400 Matter 290/300 Energy 50/250 System Corruption 0% Temperature Cool (6) Movement Core (100) Ox1 Location -9/Garrison Parts ------- > --- POWER (1) -------- Ion Engine > --- PROPULSION (3) --- (None) > --- UTILITY (3) ------ Structural Scanner > --- WEAPON (2) ------- (None) > --- INVENTORY (5) ---- Improved Hover Unit Heat Sink Large Battery (200) Improved Medium Laser Improved Medium Laser Peak State ------------ > --- POWER ------------ Improved Ion Engine > --- PROPULSION ------- Hover Unit Improved Hover Unit Improved Hover Unit > --- UTILITY ---------- Small Storage Unit Weight Redist. System Structural Scanner > --- WEAPON ----------- Improved Medium Laser Advanced Beam Cannon > --- INVENTORY -------- Light Ion Engine Wheel Heat Sink Large Battery Light Armor Plating Improved Medium Laser Plasma Cutter Flail [Rating: 18] Favorites ----------- Power Improved Ion Engine Engine Improved Ion Engine Propulsion Improved Hover Unit Leg Aluminum Leg Wheel Wheel Hover Unit Improved Hover Unit Flight Unit Flight Unit Utility Small Storage Unit Device Weight Redist. System Storage Small Storage Unit Protection Light Armor Plating Weapon Advanced Beam Cannon Energy Gun EM Pulse Gun Energy Cannon Advanced Beam Cannon Special Weapon Mining Laser Impact Weapon Flail Build | -11 -10 -9 -9 -9 ------- Run | Scr Mat Mat Sto Gar Slots Evolved 2 | . . 2 . . Power . | . . . . . Propulsion 1 | . . 1 . . Utility 1 | . . 1 . . Weapon . | . . . . . Parts Attached 49 | 7 8 3 20 11 Power 8 | 2 2 . 3 1 Engine 8 | 2 2 . 3 1 Core . | . . . . . Reactor . | . . . . . Propulsion 19 | 2 4 1 8 4 Treads . | . . . . . Leg 2 | . . . . 2 Wheel 6 | 2 . . 3 1 Hover 6 | . . . 5 1 Flight 5 | . 4 1 . . Utility 10 | 1 2 1 4 2 Device 4 | . 1 1 2 . Storage 3 | 1 1 . 1 . Processor . | . . . . . Hackware . | . . . . . Protection 3 | . . . 1 2 Artifact . | . . . . . Weapon 12 | 2 . 1 5 4 Energy Gun 7 | 2 . . 2 3 Energy Cannon 1 | . . . 1 . Ballistic Gun . | . . . . . Ballistic Cannon . | . . . . . Launcher . | . . . . . Special Weapon 2 | . . 1 . 1 Impact Weapon 2 | . . . 2 . Slashing Weapon . | . . . . . Piercing Weapon . | . . . . . Special Melee Weapon . | . . . . . Unidentified Prototypes . | . . . . . Parts Lost 18 | . . 1 5 12 Power 2 | . . . 1 1 Propulsion 7 | . . . 3 4 Utility 3 | . . . . 3 Weapon 6 | . . 1 1 4 Highest Loss Streak 12 | . . 1 3 12 To Critical Strikes . | . . . . . Average Slot Usage (%) 95 | . 95 96 96 93 Engine 11 | . 14 11 10 10 Wheel 9 | . 5 . 11 8 Hover 12 | . . . 16 18 Flight 7 | . 22 33 4 . Device 18 | . 10 22 20 18 Storage 11 | . 13 11 11 11 Energy Gun 9 | . 28 11 5 2 Energy Cannon 6 | . . . 7 8 Special Weapon 2 | . . 7 4 . Impact Weapon 3 | . . . 2 10 Naked Turns . | . . . . . Heaviest Build 21 | 14 14 14 20 21 Greatest Support 38 | 26 26 14 38 20 Greatest Overweight (x) 3 | 2 3 . 2 2 Average Overweight (x) . | . . . . . Largest Inventory Capacity 8 | 8 8 8 8 8 Average Capacity 7 | 6 7 8 8 7 Most Carried 8 | 1 7 8 8 7 Average Carried 6 | . 4 6 7 6 Final Capacity 8 | 8 8 8 8 5 Final Carried 8 | 1 7 8 8 5 Class Distribution -------------------- 85% | Mutant 14% | Scavenger-Mutant Dominant Class ---------------- Mutant | -10/Materials Mutant | -9/Materials Mutant | -9/Storage Mutant | -9/Garrison Resources | -11 -10 -9 -9 -9 ----------- Run | Scr Mat Mat Sto Gar Matter Collected 597 | 177 173 . 202 45 Remotely . | . . . . . Salvage Created 792 | . 128 . 487 177 Parts 64 | . 16 2 36 10 Haulers Intercepted 2 | . 1 . 1 . Recyclers Shooed . | . . . . . Parts Field Recycled . | . . . . . Retrieved Matter . | . . . . . Parts Self-Destructed . | . . . . . Prevented . | . . . . . Kills | -11 -10 -9 -9 -9 ------- Run | Scr Mat Mat Sto Gar Combat Hostiles Destroyed 22 | . 5 . 13 4 Melee 3 | . . . . 3 Guns 9 | . 4 . 5 . Cannons 8 | . . . 7 1 AOE 1 | . 1 . . . Classes Destroyed 7 | . 3 1 3 . Worker 1 | . . . 1 . Builder 1 | . 1 . . . Hauler 2 | . 1 . 1 . Operator 2 | . . 1 1 . Swarmer 11 | . 5 . 6 . Grunt 4 | . . . 2 2 Sentry 7 | . . . 5 2 Best Kill Streak 9 | . 4 1 9 4 Combat Bots Only 9 | . 3 . 9 4 Max Kills in Single Turn 2 | . 2 1 2 1 Gunslinging . | . . . . . Exploded 1 | . 1 . . . Melee 1 | . . . . 1 Uniques/NPCs Destroyed . | . . . . . Combat | -11 -10 -9 -9 -9 -------- Run | Scr Mat Mat Sto Gar Damage Taken 1792 | . 127 13 745 907 Core 445 | . 35 . 207 203 Absorbed by Shields . | . . . . . Core Remaining (%) 93 | 100 86 . . . Volleys Fired 72 | . 16 1 47 8 Largest 2 | . 2 1 2 2 Hottest 124 | . 90 100 124 112 Shots Fired 104 | . 32 1 62 9 Gun 62 | . 32 . 28 2 Cannon 30 | . . . 26 4 Launcher . | . . . . . Special 12 | . . 1 8 3 Kinetic . | . . . . . Thermal 88 | . 16 1 62 9 Explosive . | . . . . . Electromagnetic 16 | . 16 . . . Robot Hit Streak 11 | . 3 2 10 11 Robot Miss Streak 6 | . 4 . 6 . Penetration Max . | . . . . . Secondary Targets . | . . . . . Shots Hit Robots 70 | . 14 1 39 16 Core Hits 31 | . 8 1 17 5 Critical Kills 1 | . . . 1 . Critical Parts Destroyed 1 | . . . 1 . Critical Strikes 7 | . 3 . 3 1 Burn 4 | . 2 . 1 1 Meltdown 1 | . . . 1 . Corrupt 1 | . 1 . . . Smash 1 | . . . 1 . Melee Attacks 45 | . . . 6 39 Impact 45 | . . . 6 39 Slashing . | . . . . . Piercing . | . . . . . Sneak Attacks . | . . . . . Combat Hostiles . | . . . . . Follow-up Attacks . | . . . . . Damage Inflicted 1431 | . 235 27 804 365 Guns 563 | . 194 . 336 33 Cannons 471 | . . . 388 83 Explosions 41 | . 41 . . . Melee 247 | . . . 32 215 Ramming 3 | . . 3 . . Kinetic . | . . . . . Thermal 1074 | . 128 24 772 150 Explosive . | . . . . . Electromagnetic 107 | . 107 . . . Impact 247 | . . . 32 215 Slashing . | . . . . . Piercing . | . . . . . Highest Corruption . | . . . . . Average Corruption . | . . . . . Corruption Purged . | . . . . . Corruption Blocked . | . . . . . Overload Shots . | . . . . . Overflow Damage 32 | . . . 32 . Projectiles . | . . . . . Explosions . | . . . . . Melee 32 | . . . 32 . Knockbacks 2 | . . . . 2 Impact 1 | . . . . 1 Kinetic . | . . . . . Secondary 1 | . . . . 1 Self-Inflicted Damage 1 | . . 1 . . Shots . | . . . . . Rammed 1 | . . 1 . . Targets Rammed 1 | . . 1 . . Kicked . | . . . . . Crushed . | . . . . . Highest Temperature 343 | . 288 20 343 178 Average Temperature 106 | . 101 11 114 78 Received Heat Transfer 429 | . . 6 159 264 Effects 1 | . 1 . . . Interference 1 | . 1 . . . Siege Activations . | . . . . . Robots Corrupted . | . . . . . Combat Hostiles . | . . . . . Parts Fried . | . . . . . Impact Corruptions 1 | . . . 1 . Robots Melted 1 | . . . 1 . Combat Hostiles 1 | . . . 1 . Parts Melted 4 | . . . 3 1 Heat Transferred 2531 | . 457 50 1617 407 Parts Sabotaged . | . . . . . Parts Stolen . | . . . . . Parts Stripped . | . . . . . Power Chain Reactions 1 | . 1 . . . Missiles Intercepted . | . . . . . Alert | -11 -10 -9 -9 -9 ------- Run | Scr Mat Mat Sto Gar Peak Influence 395 | . 204 59 395 254 Initial 148 | . . 24 20 148 Average 151 | . 65 38 190 184 Maximum Alert Level 1 | . 1 . 1 1 Low Security (%) 72 | 100 89 100 61 71 Level 1 27 | . 10 . 38 28 Level 2 . | . . . . . Level 3 . | . . . . . Level 4 . | . . . . . Level 5 . | . . . . . High Security . | . . . . . Max Security . | . . . . . Squads Dispatched 4 | . . 2 2 . Investigation 1 | . . 1 . . Extermination . | . . . . . Reinforcement 2 | . . 1 1 . Assault . | . . . . . Garrison 1 | . . . 1 . Intercept . | . . . . . Searches Triggered . | . . . . . Construction Impeded . | . . . . . Haulers Reinforced . | . . . . . Active Scanning Responses . | . . . . . Cargo Convoy Interrupts . | . . . . . Stealth | -11 -10 -9 -9 -9 --------- Run | Scr Mat Mat Sto Gar Distress Signals 2 | . 1 1 . . Communications Jammed . | . . . . . Distress Signals . | . . . . . Times Spotted 43 | . 7 8 17 11 Peak Tracking Total 10 | . 4 10 5 6 Tactical Retreats 2 | . 1 . . 1 Traps | -11 -10 -9 -9 -9 ------- Run | Scr Mat Mat Sto Gar Traps Triggered 2 | . . . 2 . Indirectly . | . . . . . Trap Hack Attempts . | . . . . . Triggered . | . . . . . Disarmed . | . . . . . Reprogrammed . | . . . . . Reused . | . . . . . Traps Extracted . | . . . . . Installed . | . . . . . Triggered . | . . . . . Machines | -11 -10 -9 -9 -9 ---------- Run | Scr Mat Mat Sto Gar Machines Disabled 3 | . . . 3 . Max in Single Turn 1 | . . . 1 . Garrison Relay 1 | . . . . 1 Machines Sabotaged . | . . . . . Garrisons Compromised . | . . . . . Overloaded Fab Kills . | . . . . . Hacking | -11 -10 -9 -9 -9 --------- Run | Scr Mat Mat Sto Gar Machines Accessed 13 | . 5 1 7 . Terminals 11 | . 5 1 5 . Fabricators . | . . . . . Repair Stations . | . . . . . Recycling Units 1 | . . . 1 . Scanalyzers . | . . . . . Garrison Access 1 | . . . 1 . Total Hacks 35 | . 19 5 11 . Successful 22 | . 14 . 8 . Failed 13 | . 5 5 3 . Catastrophic 1 | . . 1 . . Database Lockouts . | . . . . . Manual 20 | . 13 5 2 . Terminals 31 | . 19 5 7 . Fabricators . | . . . . . Repair Stations . | . . . . . Recycling Units 1 | . . . 1 . Scanalyzers . | . . . . . Garrison Access 3 | . . . 3 . Terminal Hacks 12 | . 8 . 4 . Prototype ID Bank 4 | . 3 . 1 . Open Door 3 | . . . 3 . Level Access Points 1 | . 1 . . . Alert Level 1 | . 1 . . . Unreport Threat 1 | . 1 . . . Locate Traps 1 | . 1 . . . Zone Layout 1 | . 1 . . . Fabricator Hacks . | . . . . . Repair Station Hacks . | . . . . . Recycling Unit Hacks . | . . . . . Scanalyzer . | . . . . . Garrison Access Hacks 2 | . . . 2 . Unlock Access 1 | . . . 1 . Coupler Status 1 | . . . 1 . Unauthorized Hacks 8 | . 6 . 2 . Terminals 7 | . 6 . 1 . Track 1 | . 1 . . . Assimilate 1 | . 1 . . . Botnet 5 | . 4 . 1 . Fabricators . | . . . . . Repair Stations . | . . . . . Recycling Units . | . . . . . Scanalyzers . | . . . . . Garrison Access 1 | . . . 1 . Reprogram 1 | . . . 1 . Data Cores Recovered . | . . . . . Used . | . . . . . Hacking Detections 9 | . 5 1 3 . Full Trace Events 1 | . . 1 . . Feedback Events . | . . . . . Feedback Blocked . | . . . . . Robot Schematics Acquired . | . . . . . Robots Built . | . . . . . Authchips . | . . . . . Time . | . . . . . Total Robot Build Rating . | . . . . . Part Schematics Acquired . | . . . . . Parts Built . | . . . . . Authchips . | . . . . . Time . | . . . . . Total Part Build Rating . | . . . . . Parts Repaired . | . . . . . Time . | . . . . . Parts Recycled . | . . . . . Recycled Matter . | . . . . . Retrieved Matter . | . . . . . Retrieved Components . | . . . . . Parts Scanalyzed . | . . . . . Part Schematics Acquired . | . . . . . Parts Damaged . | . . . . . Bothacking | -11 -10 -9 -9 -9 ------------ Run | Scr Mat Mat Sto Gar Used RIF Installer . | . . . . . Robots Hacked . | . . . . . Non-combat . | . . . . . Combat . | . . . . . Robot Hacks Applied . | . . . . . Relay Couplers Released 5 | . . . . 5 Machine Destruction 5 | . . . . 5 Fabnet Peak Effective % . | . . . . . Robots Rewired . | . . . . . Allies Hacked . | . . . . . Hacks Repelled . | . . . . . Allies | -11 -10 -9 -9 -9 -------- Run | Scr Mat Mat Sto Gar Total Allies . | . . . . . Largest Group . | . . . . . Highest-Rated Group . | . . . . . Highest-Rated Ally . | . . . . . Total Orders . | . . . . . Ally Attacks . | . . . . . Total Damage . | . . . . . Kills . | . . . . . Allies Corrupted . | . . . . . Allies Melted . | . . . . . Intel | -11 -10 -9 -9 -9 ------- Run | Scr Mat Mat Sto Gar Robot Analysis Total . | . . . . . Derelict Logs Recovered . | . . . . . Drone Launches . | . . . . . Drone Recoveries . | . . . . . Exploration | -11 -10 -9 -9 -9 ------------- Run | Scr Mat Mat Sto Gar Turns Passed 985 | 47 184 36 455 263 Spaces Moved 905 | 41 243 70 358 193 Core 15 | 10 . . . 5 Treads . | . . . . . Legs 5 | . . . . 5 Wheels 178 | 31 31 . 116 . Hover 361 | . . . 178 183 Flight 346 | . 212 70 64 . Fastest Speed 34 | 50 37 37 34 50 Average Speed 57 | 89 44 37 60 66 Slowest Speed 280 | 150 280 37 180 260 Overloaded Moves . | . . . . . Propulsion Burnouts . | . . . . . Robots Hopped 3 | . 1 2 . . Cave-ins Triggered . | . . . . . Exploration Rate (%) 30 | 4 45 9 58 35 Regions Visited 4 Branch Regions 1 Pre-discovered Areas . | . . . . . Known Exits Taken 2 | . 1 . 1 . Unknown Exits Taken 2 | 1 . 1 . . Scrap Searched . | . . . . . Spaces Dug 14 | . . . 2 12 Terrain Destroyed 18 | . 3 . 3 12 Melee 14 | . . . 2 12 Projectile 1 | . . . 1 . AOE 3 | . 3 . . . Terrain Rammed . | . . . . . Walls Destroyed . | . . . . . Machines Disabled . | . . . . . Actions | -11 -10 -9 -9 -9 --------- Run | Scr Mat Mat Sto Gar Total 1173 | 47 283 75 511 257 Wait 35 | . 7 . 28 . Move 897 | 40 240 66 358 193 Hop 3 | . 1 2 . . Pick Up 18 | . 6 2 10 . Fast Attach 21 | 6 4 1 5 5 Attach 17 | . . 2 9 6 Detach 8 | . . 1 3 4 Swap 11 | 1 4 . 6 . Drop 20 | . 5 . 13 2 Fire 72 | . 16 1 47 8 Melee 45 | . . . 6 39 Ram . | . . . . . Kick . | . . . . . Crush . | . . . . . Escape Stasis 26 | . . . 26 . Rewire . | . . . . . Trap . | . . . . . Miscellaneous . | . . . . . Route ------- -11/Scrapyard -10/Materials (discovered 4 exits: *Mat x3 / [*Min]) -9/Materials -9/Storage -9/Garrison History --------- Turn | Location | Event 5 | -11/Scrapyard | Discovered new exit (range 15) 48 | -11/Scrapyard | Entered Materials 153 | -10/Materials | Discovered new exit (range 13) 173 | -10/Materials | Identified exit to Materials 232 | -10/Materials | Entered another Materials area 232 | -9/Materials | Evolved 2 slots: Propulsion x1, Utility x1 257 | -9/Materials | Discovered new exit (range 10) 268 | -9/Materials | Entered Storage 348 | -9/Storage | Build established: Mutant 510 | -9/Storage | Lost 3 parts (2n1w) 563 | -9/Storage | Destroyed 9 combat bots 656 | -9/Storage | Garrison activated, responded to threat 723 | -9/Storage | Core integrity fell below 50% 723 | -9/Storage | Identified exit to Garrison 723 | -9/Storage | Entered Garrison 882 | -9/Garrison | Triggered checkpoint 910 | -9/Garrison | Triggered checkpoint 963 | -9/Garrison | Garrison Relay disabled 976 | -9/Garrison | Core integrity fell below 20% 986 | -9/Garrison | Destroyed by G-34 Mercenary with Small Laser Last Messages --------------- 00963_ Garrison Relay disabled. 00963_ Relay Coupler [Duelist] tumbles out of relay unit. 00963_ Relay Coupler [Hunter] tumbles out of relay unit. 00963_ Relay Coupler [Sentry] tumbles out of relay unit. 00963_ Relay Coupler [Brawler] tumbles out of relay unit. 00964_ Flail destroyed. 00966_ Penetrated by Slug. 00969_ Lgt. Armor Plating destroyed. 00972_ Penetrated by Slug. 00974_ Plasma Cutter destroyed. 00975_ Penetrated by Slug. 00976_ Imp. Ion Engine destroyed. 00977_ H-55 Commando suffers critical hit (Burn). 00978_ Aluminum Leg destroyed. 00978_ Penetrated by Slug. 00980_ Dropped Sml. Storage Unit. 00981_ Penetrated by Slug. 00981_ Imp. Hover Unit destroyed. 00983_ Acquired 35 matter. 00985_ Acquired Ion Engine. Map ----- +----------------------------------------------------+ | ??????????????????????????????????????????????? | | ??????????????????????????????????????????????? | | ??????????????????????????????????????????????? | | ??????????????????????????????????????????????? | | ??????????????????????????????????????????????? | | ??????????????????????????????????????????????? | | ??????????????????????????????????????????????? | | ??????????????????????????????????????????????? | | ??????????????????????????????????????????????? | | ??????????????????????????????????????????????? | | ??????????????????????????????????????????????? | | ??????????????????????????????????????????????? | | ??????????????????????????????????????????????? | | ??????????????????????????????????????????????? | | ??????????????????????????????????????????????? | | ??????????????????????????????????????????????? | | ??????????????????????????????????????????????? | | ??????????????????????????????????????????????? | | ??????????????????????????????????????????????? | | ??????????????????????????????????????????????? | | ??????????????????????????????????????????????? | | ?????????????????????###??????????????????????? | | ?????????????????????# ??????????????????????? | | ?????????????????????# #??????????????????????? | | ?????????????????##### #??????????????????????? | | ?????????????????#""#+@###?###???????###??????? | | ?????????????????#"! +%g ###[#???????# #??????? | | ?????????????????#!!!; %!!%=######### #####??? | | ?????????????????#"!%+ ###*= #??? | | ?????????????????#""#+ ###?##### ##### #####??? | | ?????????????????##### #???????# #???# #??????? | | ?????????????????????# #???????# #???# #??????? | | ?????????????????????# #??????? #???# #??????? | | ?????????????????????# #??????? #???# #??????? | | ?????????????????????###??????? #???# #??????? | | ???????????????????????????????###???# #??????? | | ?????????????????????????????????????# #??????? | | ?????????????????????????????????????# ##?????? | | ?????????????????????????????????##### #?? | | ????????????????????????????????##"#"#"##?? | | ????????????????????????????????#" #?? | | ????????????????????????????????## ######?? | | ?????????????????????????????????# #??????? # | | ????????????????????????????????##"######## # | | ????????????????????????????????# | | ????????????????????????????????# | | ????????????????????????????????# ######## | | ???????????????????????????????## *#???# ?# # | | ???????????????????????????????#" ##### #?# # | | ???????????????????????????????## " #?# # | +----------------------------------------------------+ Best States ------------- Heat Dissipation 28 Energy Generation 12 Energy Capacity 325 Matter Stores 300 Matter Capacity 300 Sight Range 16 Terrain Scan Density 10 Additional Mass Support 6 Armor Coverage 150 Evasion (%) 63 Item Schematics ----------------- None Robot Schematics ------------------ None Fabricated ------------ Nothing Alien Tech Used ----------------- None Achievements -------------- None Challenges ------------ None Game ------ Seed TractorChromaticActivator Manual? 0 Play Time 00:24:01 Cumulative 275.5 hours Start 2022.10.22 @ 23:28:58 End 2022.10.22 @ 23:51:02 Sessions 1 Manual Loads 0 Difficulty Rogue Special Mode None Game No. 95 Rogue 76 Adventurer 19 Explorer 0 Win Type - Total 4 Types 2/0/1/1/0/0/0/0/0 Lore% 63 Gallery% 64 Achievement% 60 Wizard Run 0 Options --------- ASCII 0 Keyboard 0 Movement Mouse Keybinds 0 Fullscreen 1 Font 18/SmallcapsGlow Map View 76x50 Tactical HUD 1 Map Filters NONE Filters NONE Steam 1 RUN: 144551c8-141c-4478-9024-ca25cd9062ee